 Dungeon Crawl Stone Soup version 0.19.0-20-gbc5f0c6 (webtiles) character file.

392 McCoppin the Sneak (level 6, 0/43 HPs)
             Began as an Octopode Necromancer on Nov 17, 2016.
             Slain by Duvessa
             ... wielding a +0 short sword
              (7 damage)
             ... on level 4 of the Dungeon.
             The game lasted 00:14:51 (4300 turns).

McCoppin the Sneak (Octopode Necromancer)           Turns: 4300, Time: 00:14:51

Health: 0/43       AC:  1    Str:  7    XL:     6   Next: 81%
Magic:  9/18       EV: 13    Int: 18    God:
Gold:   167        SH:  0    Dex: 14    Spells: 3 memorised, 2 levels left

rFire  . . .     SeeInvis .     n - +4 falchion
rCold  + . .     Gourm    .     (no shield)
rNeg   . . .     Faith    .     (helmet restricted)
rPois  .         Spirit   .     (no amulet)
rElec  .         Reflect  .     e - ring of protection from cold
rCorr  +         Harm     .     q - ring of resist corrosion
MR     .....                    y - ring of magical power
Stlth  ++++......               (no ring)
                                (no ring)
                                (no ring)
                                (no ring)
                                (no ring)

@: no status effects
A: almost no armour, stealthy swim, amphibious, 8 rings, constrict 8, camouflage
1, gelatinous body 1
a: no special abilities


You were on level 4 of the Dungeon.
You were not hungry.

You visited 1 branch of the dungeon, and saw 4 of its levels.

You collected 167 gold pieces.

Inventory:

Hand Weapons
 l - a +0 dagger
 n - a +4 falchion (weapon)
Jewellery
 e - a ring of protection from cold (left tentacle)
 q - a ring of resist corrosion (right tentacle)
 s - a -2 ring of protection
 y - a ring of magical power (on tentacle)
Scrolls
 f - a scroll of fear
 g - a scroll of teleportation
 h - a scroll of amnesia
 p - a scroll of noise
 t - 2 scrolls of remove curse
 w - 3 scrolls of identify
 x - a scroll of enchant weapon {unknown}
Potions
 c - a potion of cancellation
 d - a potion of agility {unknown}
 i - 2 potions of degeneration {unknown}
 j - a potion of magic
 m - 4 potions of heal wounds {unknown}
 u - a potion of flight {unknown}
 v - a potion of lignification
 z - a potion of curing {unknown}
 A - a potion of mutation {unknown}
Books
 a - a book of Necromancy

   Spells                             Type                      Level
   a - Pain                           Necromancy                   1
   b - Animate Skeleton               Necromancy                   1
   c - Vampiric Draining              Necromancy                   3
   d - Regeneration                   Charms/Necromancy            3
   e - Animate Dead                   Necromancy                   4
   f - Control Undead                 Necromancy                   4
Comestibles
 b - 4 bread rations
 k - 3 meat rations
 o - 8 chunks of flesh
 r - a beef jerky


   Skills:
 + Level 3.7 Fighting
 + Level 2.1 Long Blades
 - Level 2.0 Dodging
 - Level 6.0 Stealth
 - Level 2.0 Spellcasting
 - Level 5.0 Necromancy


You had 2 spell levels left.
You knew the following spells:

 Your Spells              Type           Power        Failure   Level  Hunger
a - Pain                  Necr           ###.         1%          1    #......
b - Vampiric Draining     Necr           ###.......   10%         3    ###....
c - Regeneration          Chrm/Necr      ##........   21%         3    ###....


Dungeon Overview and Level Annotations

Branches:
Dungeon (4/15)
 Temple: D:4-7

Altars:
Ru

Annotations:
D:4 Duvessa


Innate Abilities, Weirdness & Mutations

You cannot wear most types of armour.
You are very stealthy in the water. (Stealth+)
You are amphibious.
You can wear up to eight rings at the same time.
You can use your tentacles to constrict eight enemies at once.
Your skin changes colour to match your surroundings (Stealth+).
Your rubbery body absorbs attacks. (AC +1, EV +1)


Message History

Aiming: Vampiric Draining
Press: ? - help, Shift-Dir - straight line, f/p - Duvessa
Aim: Duvessa, wielding a short sword and wearing a leather armour (lightly wounded, berserk, fast, unusually strong) Duvessa is moderately wounded.
You feel life coursing into your body. Duvessa hits you with a short sword!
The iguana bites you!
* * * LOW HITPOINT WARNING * * *
Unknown command.
As you read the scroll of fear, it crumbles to dust.
You assume a fearsome visage.
The iguana looks frightened!
Duvessa misses you. Duvessa barely misses you.
Okay, then.
It was a potion of lignification.
You turn into a tree.
Your roots penetrate the ground.
Duvessa hits you but does no damage.
It was a potion of cancellation.
Your magical effects are unravelling.
You feel magically purged.
You feel less woody.
Duvessa is no longer moving quickly.
Duvessa hits you with a short sword!
You die...

### #.# ######.#
.......## #
........##### ..#
#....##..##.# #####...#
....####....####.......#
...## #.).....e@..l...#
..## #..............##
...# ##.....#####..##
...# #....## .# ...#
#...## # .... #..##
....# #..# ....e #..##
#...#


You could see Duvessa (berserk) and an iguana (fleeing).

Vanquished Creatures
  Dowan (D:4)
  3 orc priests
  2 worker ants (D:4)
  6 gnolls
  2 adders (D:2)
  3 oozes
  A worm (D:3)
  3 dart slugs
  4 leopard geckos
  9 orcs
  4 ball pythons
  5 giant cockroaches
  8 goblins
  9 hobgoblins
  6 jackals
  5 quokkas
  12 bats
  4 frilled lizards
  7 kobolds
  8 rats
102 creatures vanquished.

Notes
Turn   | Place    | Note
-------+----------+-------------------------------------------
     0 | D:1      | McCoppin the Octopode Necromancer began the quest for the Orb.
     0 | D:1      | Reached XP level 1. HP: 11/11 MP: 3/3
   173 | D:1      | Reached skill level 3 in Stealth
   325 | D:1      | Reached XP level 2. HP: 16/17 MP: 1/5
   387 | D:1      | Reached skill level 4 in Stealth
  1056 | D:1      | Reached XP level 3. HP: 18/21 MP: 6/6
  1095 | D:1      | Reached skill level 5 in Stealth
  1357 | D:2      | Learned a level 3 spell: Vampiric Draining
  1640 | D:2      | Reached XP level 4. HP: 26/27 MP: 7/7
  1643 | D:2      | Reached skill level 6 in Stealth
  2098 | D:2      | Reached skill level 1 in Fighting
  2278 | D:2      | Learned a level 3 spell: Regeneration
  2658 | D:2      | Reached XP level 5. HP: 16/34 MP: 8/8
  3353 | D:3      | Found a sacrificial altar of Ru.
  3576 | D:3      | Reached skill level 5 in Necromancy
  3576 | D:3      | Reached XP level 6. HP: 38/41 MP: 9/9
  4078 | D:4      | Reached skill level 1 in Long Blades
  4200 | D:4      | Noticed Duvessa
  4261 | D:4      | Noticed Dowan
  4284 | D:4      | Killed Dowan
  4300 | D:4      | Slain by Duvessa

Skill      XL: |  1  2  3  4  5  6 |
---------------+-------------------+-----
Stealth        | 3 4 5 6 |  6.0
Fighting       | 1 2 3 |  3.7
Necromancy     | 5 |  5.0
Long Blades    | 2 |  2.1
Dodging        | |  2.0
Spellcasting   | |  2.0

Action                   |  1- 3 |  4- 6 || total
-------------------------+-------+-------++-------
Melee: Unarmed           |    33 |       ||    33
       Constrict         |    19 |    32 ||    51
       Tentacles         |     8 |    21 ||    29
       Dagger            |    28 |       ||    28
       Falchion          |     5 |   114 ||   119
 Cast: Pain              |    17 |     3 ||    20
       Vampiric Draining |     2 |     3 ||     5
       Regeneration      |       |     5 ||     5
  Use: Scroll            |       |     7 ||     7
       Potion            |       |     2 ||     2
 Stab: Sleeping          |     6 |    23 ||    29
       Distracted        |     1 |       ||     1
  Eat: Chunk             |     3 |     9 ||    12
Armor: Skin              |     8 |    11 ||    19
Dodge: Dodged            |    45 |    82 ||   127
       Rpst.: Falchion   |     1 |    21 ||    22
